Unix NetHack Version 3.7.0-89 Work-in-progress - last build Nov 29 2023 03:14:05 (8663f69846b387d428bf56816b0fc57e108cd183,branch:master). Game began 2023-12-02 13:32:55, ended 2023-12-02 18:09:19. spontiff, neutral male gnomish Healer |0 ---- |. .0* |. .*_. |. .*%. |. .... |. --...--0 |. .......{ |. ....... |. -...... | |. |...... |.|... -..o.o.| |.#... ...o.o| | |... ..oo.- |.. .%. |.. ------------------#----------------.- ..................o%.o.........o.....| --------------------- Spontiff the Rhizotomist St:9 Dx:13 Co:14 In:8 Wi:18 Ch:16 Neutral S:266 Dlvl:5 $:1164 HP:0(19) Pw:6(6) AC:4 Xp:1/0 T:3040 Latest messages: You hear a door open. You see here 9 rocks. You hear a door open. You see here 11 rocks. You hear a chugging sound. Rukogbane of Aiuluoth hits! #fuck: unknown extended command. You hear a chugging sound. Rukogbane of Aiuluoth strikes at thin air! Ugora of Aiuluoth picks up 9 stones. You see here 11 rocks. You see here 9 rocks. You hear someone incant KIRJE. Goragor-u of Aiuluoth appears! Call a scroll labeled KIRJE: create master Rukogbane of Aiuluoth picks up 11 rocks. Rukogbane of Aiuluoth picks up 9 rocks. You see here a watch captain corpse. Akhogulai of Aiuluoth zaps a platinum wand! The wand misses the orc-captain. The wand hits Abanea of Aiuluoth! Abanea of Aiuluoth is killed! Ugora of Aiuluoth attacks a spot beside you. Akhogulai of Aiuluoth zaps a wand of striking! The wand hits Ogrukogakh of Aiuluoth! Ugora of Aiuluoth swings wildly and misses! Haioghaia of Aiuluoth picks up an iron skull cap. What do you want to use or apply? [ijostLNS or ?*] s In what direction? h Status of Ugora of Aiuluoth (chaotic, medium): Level 2 HP 10(10) AC 8. What do you want to use or apply? [ijostLNS or ?*] j In what direction? h Ugora of Aiuluoth is blinded by the flash! You see here a watch captain corpse. Ugora of Aiuluoth attacks a spot beside you. You hear a nearby zap. The wand hits Uluzai of Aiuluoth! Uluzai of Aiuluoth is killed! The air crackles around Og-akhog of Aiuluoth. You see here a watch captain corpse. What do you want to use or apply? [ijostLNS or ?*] j In what direction? l Rukogbane of Aiuluoth is blinded by the flash! Rukogbane of Aiuluoth turns to flee. Rukogbane of Aiuluoth hits! You see here a watch captain corpse. Ugora of Aiuluoth hits! You die... Do you want your possessions identified? [ynq] (y) y Do you want to see the dungeon overview? [ynq] (y) y Inventory: Coins $ - 1164 gold pieces Weapons W - an uncursed +0 dart k - an uncursed +0 elven dagger K - an uncursed +0 orcish dagger Armor h - an uncursed +0 orcish helm (being worn) g - an uncursed +1 pair of leather gloves (being worn) v - an uncursed +1 pair of iron shoes (being worn) d - an uncursed +0 dwarvish cloak q - an uncursed +0 dwarvish cloak (being worn) Q - an uncursed +0 dwarvish cloak J - an uncursed +0 orcish cloak Comestibles y - an uncursed apple n - 2 uncursed food rations p - 2 uncursed tripe rations Scrolls B - a blessed scroll of enchant weapon F - a cursed scroll of remove curse Spellbooks i - a blessed spellbook of extra healing N - a blessed spellbook of healing L - a blessed spellbook of stone to flesh Potions C - 4 uncursed potions of extra healing D - an uncursed potion of fruit juice G - a blessed potion of gain energy c - a blessed potion of healing l - an uncursed potion of object detection x - an uncursed potion of paralysis Rings Z - a cursed -1 ring of protection Wands S - an uncursed wand of sleep (0:6) Tools j - an uncursed expensive camera (0:75) o - a cursed magic whistle s - an uncursed stethoscope Gems/Stones X - a cursed fluorite stone U - an uncursed jade stone T - 2 uncursed obsidian stones w - 4 uncursed worthless pieces of green glass z - an uncursed worthless piece of red glass O - an uncursed worthless piece of yellow glass Y - a cursed worthless piece of yellowish brown glass t - 2 uncursed flint stones Spontiff the Healer's attributes: Background: You were a Rhizotomist, a level 1 male gnomish Healer. You were neutral, on a mission for Hermes who was opposed by Athena (lawful) and Poseidon (chaotic). You were in the Gnomish Mines, on level 5. You entered the dungeon 3040 turns ago. You had 0 experience points, 20 were needed to attain level 2. Your score was 266 before end-of-game adjustments. Basics: You had 0 out of 19 hit points. You had all 6 energy points (spell power). Your armor class was 4. Your wallet contained 1164 zorkmids. Autopickup was on for '$!/="?' plus thrown, with exceptions. Final Characteristics: Your strength was 9 (limit:18/50). Your dexterity was 13 (limit:18). Your constitution was 14 (limit:18). Your intelligence was 8 (limit:19). Your wisdom was 18 (limit:18). Your charisma was 16 (limit:18). Final Status: You weren't hungry. You were unencumbered. You were empty handed. You were unskilled in bare handed combat. Final Attributes: You were devoutly aligned. You were cold resistant. You were poison resistant. You had infravision. You were invisible. You were warded. You are dead. Miscellaneous: You encountered 1 bones level. Total elapsed playing time was 1 hour, 27 minutes and 11 seconds. Major events: Turn 1: spontiff the neutral male gnomish Healer entered the dungeon 546: entered the Gnomish Mines 2989: reached Mine Town 3040: killed by a hill orc called Ugora of Aiuluoth Vanquished creatures: a bugbear a shrieker 3 dwarves 2 hill orcs an acid blob 3 coyotes 3 hobbits 10 giant rats a brown mold 3 yellow molds a green mold 3 gnomes a gnome zombie 5 geckos 5 jackals 3 goblins 4 sewer rats 10 grid bugs a bat 6 lichens 4 kobold zombies 7 newts 78 creatures vanquished. No species were genocided or became extinct. Voluntary challenges: You never hit with a wielded weapon. You were a pacifist. You were illiterate. You never engraved Elbereth. You never genocided any monsters. You never polymorphed an object. You never changed form. You used no wishes. Achievements: You entered the Gnomish Mines. You entered Minetown. The Dungeons of Doom: levels 1 to 5 Level 1: A fountain. Level 2: Some fountains. Stairs down to The Gnomish Mines. Level 3: Some fountains. Level 4: A fountain. Level 5: Final resting place for jww-Wiz-Elf-Mal-Cha, killed by a giant ant. The Gnomish Mines: levels 3 to 5 Level 3: "magic trap" Level 4: Level 5: <- You were here. An altar, a fountain. Final resting place for you, killed by a hill orc called Ugora of Aiuluoth. Game over: ---------- / \ / REST \ / IN \ / PEACE \ / \ | spontiff | | 1164 Au | | killed by a hill | | orc called Ugora | | of Aiuluoth | | | | 2023 | *| * * * | * _________)/\\_//(\/(/\)/\//\/|_)_______ Goodbye spontiff the Healer... You died in The Gnomish Mines on dungeon level 5 with 260 points, and 1164 pieces of gold, after 3040 moves. You were level 1 with a maximum of 19 hit points when you died.